 Dungeon Crawl Stone Soup version 0.22-a0-605-g9281fa2 (webtiles) character file.

247 Amnesiac the Ducker (level 5, -1/28 HPs)
             Began as a Spriggan Transmuter on July 8, 2018.
             Slain by Duvessa
             ... wielding a +0 rapier
              (13 damage)
             ... on level 4 of the Dungeon.
             The game lasted 00:09:01 (3644 turns).

Amnesiac the Ducker (Spriggan Transmuter)           Turns: 3644, Time: 00:09:02

Health: -1/28      AC:  2    Str:  8    XL:     5   Next: 85%
Magic:  0/10       EV: 25    Int: 15    God:
Gold:   161        SH:  0    Dex: 22    Spells: 4/10 levels left

rFire    . . .     SeeInvis +     - Unarmed
rCold    . . .     Gourm    .   (shield currently unavailable)
rNeg     . . .     Faith    .   (armour currently unavailable)
rPois    x         Spirit   .   (helmet currently unavailable)
rElec    .         Reflect  .   (cloak currently unavailable)
rCorr    .         Harm     .   (gloves unavailable)
MR       .....                  (boots unavailable)
Stlth    ++........             (no amulet)
HPRegen  0.09/turn              c - +2 ring of strength
MPRegen  0.12/turn              (no ring)

@: spider-form
A: tiny, unfitting armour, see invisible, herbivore, slow metabolism 2
a: End Transformation


You were on level 4 of the Dungeon.
You were not hungry.
You were a venomous arachnid creature.
You visited 1 branch of the dungeon, and saw 5 of its levels.
You also visited: Sewer.

You collected 161 gold pieces.

Inventory:

Hand Weapons
 j - a +0 blowgun
Missiles
 a - 40 arrows
 k - 18 poisoned needles
Armour
 b - a +0 robe (melded)
 i - a +0 buckler
Jewellery
 c - a +2 ring of strength (left front leg)
Scrolls
 e - 3 scrolls of immolation {!r, unknown}
 h - 10 scrolls of teleportation {!r}
 l - a scroll of magic mapping {!r}
 m - 3 scrolls of identify {!r}
 n - a scroll of random uselessness {!r, unknown}
Potions
 f - 5 potions of agility {!q}
 g - a potion of flight {!q}
 o - a potion of degeneration {!q, unknown}
 p - a potion of curing {!q, unknown}
Comestibles
 d - a ration


   Skills:
 + Level 3.3 Fighting
 + Level 5.6 Dodging
 - Level 3.0 Unarmed Combat
 - Level 3.0 Spellcasting
 - Level 3.0 Transmutations


You had 4 spell levels left.
You knew the following spells:

 Your Spells              Type           Power        Failure   Level  Hunger
a - Beastly Appendage     Tmut           ##....       17%         1    #......
b - Sticks to Snakes      Tmut           ##......     22%         2    ##.....
c - Spider Form           Tmut/Pois      #.........   54%         3    ###....

Your spell library contained the following spells:

 Spells                   Type           Power        Failure   Level  Hunger
 Blade Hands              Tmut           ##........   95%         5    ######.
 Ice Form                 Ice/Tmut       #.......     87%         4    #####..


Dungeon Overview and Level Annotations

Branches:
Dungeon (5/15)
 Temple: D:4-7

Altars:
Okawaru
Vehumet

Annotations:
D:4 Duvessa, Pikel


Innate Abilities, Weirdness & Mutations

You are very small and have problems with some larger weapons.
You are too small for most types of armour.
You have supernaturally acute eyesight. (SInv)
You are a herbivore.
((You cover ground extremely quickly.))
You need to consume almost no food.


Message History

Confirm with . or Enter, or press ? or * to list all spells.
Okay, then.
Casting: Spider Form (safe; 32% risk of failure)
Confirm with . or Enter, or press ? or * to list all spells.
Okay, then.
Casting: Spider Form (safe; 32% risk of failure)
Confirm with . or Enter, or press ? or * to list all spells.
You create a snake!
You now have 43 arrows.
Your ball python grabs Duvessa.
Your ball python constricts Duvessa.
Duvessa hits your ball python with a rapier!
Your ball python dies!
Casting: Sticks to Snakes (safe; 9% risk of failure)
Confirm with . or Enter, or press ? or * to list all spells.
You miscast Sticks to Snakes.
You are very lightly contaminated with residual magic.
Multicoloured lights dance before your eyes!
Duvessa shouts!
Casting: Sticks to Snakes (safe; 9% risk of failure)
Confirm with . or Enter, or press ? or * to list all spells.
You don't know that spell.
Unknown command.
Duvessa looks more healthy.
Duvessa is no longer berserk.
Casting: Sticks to Snakes (safe; 9% risk of failure)
Confirm with . or Enter, or press ? or * to list all spells.
You create a snake!
You now have 42 arrows.
Your ball python grabs Duvessa.
Your ball python constricts Duvessa.
Casting: Sticks to Snakes (safe; 9% risk of failure)
Confirm with . or Enter, or press ? or * to list all spells.
You create a snake!
You now have 41 arrows.
Your ball python constricts Duvessa.
Duvessa hits your ball python with a rapier!
Your ball python dies!
Duvessa shouts!
Casting: Sticks to Snakes (safe; 9% risk of failure)
Confirm with . or Enter, or press ? or * to list all spells.
You create a snake!
You now have 40 arrows.
Duvessa hits your ball python with a rapier!
Your ball python dies!
Casting: Sticks to Snakes (safe; 9% risk of failure)
Confirm with . or Enter, or press ? or * to list all spells.
You don't have enough magic to cast that spell.
You aren't carrying any items that you can evoke.
Duvessa looks more energetic.
Things that are here:
a leather armour; a dagger You see here a hand axe.
Duvessa barely misses your ball python.
Your ball python grabs Duvessa.
Your ball python constricts Duvessa.
Duvessa hits your ball python with a rapier!
Your ball python dies!
Your magical contamination has completely faded away.
Casting: Sticks to Snakes (safe; 9% risk of failure)
Confirm with . or Enter, or press ? or * to list all spells.
You turn into a venomous arachnid creature.
You swing at nothing.
You swing at nothing.
You hit Duvessa.
Duvessa is poisoned.
Duvessa is almost dead.
Duvessa misses you.
You hit Duvessa but do no damage.
Duvessa looks as sick as possible!
Duvessa is almost dead.
Duvessa hits you with a rapier!
You die...

............[...#
###[)#####.#.
........#########
#...## #.S. ###.#####
#.### ###. #.# ##.# #.
#.## ######..# ##
##..### #......## #
#.....# #####......# #
#.....# ##......e...#
##
#.....###..###.s...##
##. #.........##
#.....# ##..
##.....##### #######
###..# .......# #...##
##.....# #####.####
####### #.....# # ##8#
##############.########
8...8##
#..........#...# #....
.....####
#..........#.######.###


You could see Duvessa.

Vanquished Creatures
  A slave (D:3)
  Dowan (D:5)
  2 orc priests (D:4)
  A gnoll (D:3)
  2 adders (D:4)
  7 oozes
  5 worms
  2 leopard geckos
  3 orcs (D:4)
  A ball python (Sewer)
  2 giant cockroaches
  2 hobgoblins (D:1)
  4 jackals (Sewer)
  6 bats
  2 frilled lizards
  6 goblins
  4 kobolds
  4 rats
55 creatures vanquished.

Vanquished Creatures (collateral kills)
  3 adders (D:4)
  2 worms
  A quokka (D:2)
  2 frilled lizards
  A rat (D:4)
9 creatures vanquished.

Grand Total: 64 creatures vanquished

Notes
Turn   | Place    | Note
-------+----------+-------------------------------------------
     0 | D:1      | Amnesiac the Spriggan Transmuter began the quest for the Orb.
     0 | D:1      | Reached XP level 1. HP: 9/9 MP: 5/5
   123 | D:1      | Reached skill level 1 in Fighting
   256 | D:2      | Reached XP level 2. HP: 6/14 MP: 7/7
   379 | D:1      | Learned a level 2 spell: Sticks to Snakes
   716 | D:2      | Found an iron altar of Okawaru.
  1005 | D:3      | Reached XP level 3. HP: 10/18 MP: 4/8
  1010 | D:3      | Learned a level 3 spell: Spider Form
  1200 | D:4      | Found a radiant altar of Vehumet.
  1345 | D:4      | Noticed Pikel
  1345 | D:4      | Noticed a slave
  1345 | D:4      | Noticed a slave
  1346 | D:4      | Noticed a slave
  1348 | D:4      | Noticed a phantom
  1350 | D:4      | Noticed a slave
  1699 | D:4      | Reached XP level 4. HP: 18/23 MP: 5/9
  1748 | D:4      | Found a glowing drain.
  1753 | Sewer    | Entered a sewer
  2181 | Sewer    | Reached skill level 4 in Dodging
  2972 | D:4      | Reached XP level 5. HP: 27/27 MP: 10/10
  3043 | D:4      | Reached skill level 5 in Dodging
  3327 | D:3      | Killed a slave
  3564 | D:5      | Entered Level 5 of the Dungeon
  3565 | D:5      | Noticed Dowan
  3566 | D:5      | Noticed Duvessa
  3575 | D:5      | Killed Dowan
  3644 | D:4      | Slain by Duvessa

Vault maps used:
D:1:      enne_arrival_octagon_isle
D:2:      okawaru_ov_weapons_minmay
D:3:      old_standard_altar, minivault_27
D:4:      vehumet_crystals, nicolae_overflow_hidden_temple,
          lightli_sewer_entry_pipes, uniq_pikel
D:5:      wad_crossroads, first_ration, sigmund_edmund_badplayer, uniq_duvessa
Sewer:    sewer_fruit_machine

Skill      XL: |  1  2  3  4  5 |
---------------+----------------+-----
Transmutations | 3 |  3.0
Spellcasting   | 3 |  3.0
Fighting       | 1 2 3 |  3.3
Unarmed Combat | 3 |  3.0
Dodging        | 4 5 |  5.6

Action                   |  1- 3 |  4- 6 || total
-------------------------+-------+-------++-------
Melee: Unarmed           |    96 |   175 ||   271
       Headbutt          |     9 |    12 ||    21
       Kick              |    10 |    17 ||    27
       Punch             |     1 |     1 ||     2
 Cast: Beastly Appendage |    15 |    15 ||    30
       Sticks to Snakes  |    12 |     7 ||    19
       Spider Form       |       |     5 ||     5
  Use: Scroll            |     3 |       ||     3
       Potion            |     1 |     2 ||     3
 Stab: Sleeping          |     1 |     1 ||     2
  Eat: Ration            |       |     2 ||     2
Armor: Robe              |    13 |    24 ||    37
Dodge: Dodged            |    91 |   179 ||   270

Table legend:
 A = Spawn XP
 B = Non-spawn XP
 C = Spawn XP percentage of total XP
 D = Spawn monster count
 E = Non-spawn monster count
 F = Spawn count percentage of total count
 G = Total turns spent on level
                    A         B        C        D         E        F      G
               +---------+---------+-------+---------+---------+-------+---------
         Total |       0 |     354 |   0.0 |       0 |      63 |   0.0 |  3644
               +---------+---------+-------+---------+---------+-------+---------
           D:1 |       0 |       9 |   0.0 |       0 |       6 |   0.0 |   397
           D:2 |       0 |      17 |   0.0 |       0 |       9 |   0.0 |   342
           D:3 |       0 |      22 |   0.0 |       0 |       6 |   0.0 |   795
           D:4 |       0 |     160 |   0.0 |       0 |      18 |   0.0 |   929
           D:5 |       0 |      67 |   0.0 |       0 |       1 |   0.0 |    13
         Sewer |       0 |      79 |   0.0 |       0 |      23 |   0.0 |  1168
               +---------+---------+-------+---------+---------+-------+---------
